 Dungeon Crawl Stone Soup version 0.31.0-11-ge490571c62 (webtiles) character file.

Game seed: 9142273344754627694

765 SnakkuSnakku7 the Cudgeller (level 8, -7/56 HPs)
             Began as a Djinni Chaos Knight on Jan 28, 2024.
             Was a Plaything of Xom.
             Mangled by a blink frog (15 damage)
             ... in an ossuary.
             The game lasted 00:06:14 (4222 turns).

SnakkuSnakku7 the Cudgeller (Djinni Chaos Knight)   Turns: 4222, Time: 00:06:14

Health: -7/56      AC:  7    Str: 13    XL:     8   Next: 8%
Gold:   185        EV: 17    Int: 13    God:    Xom [......] SH:  0 Dex: 20

rFire   + + .        a - +0 war axe
rCold   x . .        (no shield)
rNeg    . . .        b - +2 leather armour
rPois   ∞            l - +0 helmet
rElec   .            p - +0 cloak
rCorr   .            (no gloves)
SInv    .            (boots unavailable)
Will    .....        (no amulet)
Stlth   +            x - +6 ring of dexterity
HPRegen 0.29/turn    m - +5 ring of evasion
MPRegen 0.00/turn

%: clarity, infuse magic (-8 HP)
@: flying
A: sickness immunity, fire resistance 2, cold vulnerability 1, float, innate
caster, HP casting, extra vitality 1, clarity, MP-powered wands
a: Renounce Religion


You were in an ossuary.
You worshipped Xom.
You were a very special plaything of Xom.
You visited 1 branch of the dungeon, and saw 5 of its levels.
You also visited: Ossuary.

You collected 185 gold pieces.

Inventory:

Hand Weapons
 a - a +0 war axe (weapon)
 j - a +0 mace of chaos
 r - a +1 vampiric whip
Missiles
 s - 3 poisoned darts (quivered)
 v - a throwing net
Armour
 b - a +2 leather armour (worn)
 l - a +0 helmet (worn)
 p - a +0 cloak (worn)
Jewellery
 m - a +5 ring of evasion (right hand)
 x - a +6 ring of dexterity (left hand)
Wands
 k - a wand of flame (12)
Scrolls
 d - 2 scrolls of enchant weapon {unknown}
 e - a scroll of fog {unknown}
 h - a scroll of torment {unknown}
 i - a scroll of poison {unknown}
 n - 2 scrolls of teleportation {unknown}
 o - a scroll of brand weapon {unknown}
 u - a scroll of revelation {unknown}
Potions
 f - a potion of resistance
 t - 3 potions of enlightenment


   Skills:
 - Level 3.0 Fighting
 + Level 4.4(5.8) Axes
 - Level 5.7(6.5) Maces & Flails
 - Level 1.0 Armour
 - Level 2.1 Dodging


You knew the following spells:

 Your Spells              Type           Power      Damage    Failure   Level
a - Sandblast             Erth           0%         2d4       36%         1
b - Static Discharge      Conj/Air       0%         3-3/arc   52%         2
c - Sigil of Binding      Hex            0%         N/A       75%         3
Your spell library was empty.

Dungeon Overview and Level Annotations

Branches:
Dungeon (5/15)            Ossuary (1/1)
 Temple: D:4-7

Altars:
Elyvilon

Annotations:
D:3 1 runed translucent door, Crazy Yiuf


Innate Abilities, Weirdness & Mutations

You are immune to sickness and miasma.
You are immune to poison.
Your flesh is very heat resistant. (rF++)
You are vulnerable to cold. (rC-)
You float through the air rather than walking.
You learn spells naturally, not from books.
Your magical power is your life essence.
You have superior vitality. (+4 MHP)
You possess an exceptional clarity of mind.
You expend health (3 HP) to strengthen your wands.


Message History

The blink frog is lightly wounded.
The blink frog hits you! The blink frog completely misses you.
You barely miss the blink frog.
The blink frog is lightly wounded.
The blink frog hits you.
The blink frog blinks!
The blink frog misses you.
You completely miss the blink frog.
The blink frog is lightly wounded.
The blink frog hits you! The blink frog closely misses you.
The scorpion fails to trigger a net trap.
You hit the scorpion but do no damage. You hit the blink frog.
The blink frog barely misses you.
The scorpion stings you but does no damage.
You hit the scorpion but do no damage. You slash the blink frog!
The blink frog hits you!
* * * LOW HITPOINT WARNING * * *
The scorpion closely misses you. The blink frog hits you.
* * * LOW HITPOINT WARNING * * *
You hit the scorpion.
The scorpion is moderately wounded.
You hit the blink frog but do no damage.
The blink frog misses you. The scorpion closely misses you.
The blink frog closely misses you. The scorpion misses you.
You barely miss the scorpion.
The scorpion is moderately wounded.
You hit the blink frog.
The blink frog hits you but does no damage.
The scorpion misses you. The blink frog hits you!
* * * LOW HITPOINT WARNING * * *
You completely miss the blink frog.
The blink frog is heavily wounded.
You barely miss the scorpion. The scorpion barely misses you.
The blink frog completely misses you. The scorpion misses you.
Okay, then.
Okay, then.
You closely miss the blink frog. Your punch misses the blink frog.
The blink frog is heavily wounded.
You hit the scorpion but do no damage. The blink frog hits you!
You die...
Xom chuckles heartily!

### ### ###
######.###.###.#######
.^^#.............#^^.#
.∩^'...........F@s^∩.#
^^^#.............#.^^#
#'####.###.###.####'##
...# ### ### ### #...#
...## ##bbF## ....#
#.b...# ...## ##bb.##
...#


#bFb# ...## ##bbb## You could see a blink frog and a scorpion.

Vanquished Creatures
  Sigmund (D:2)
  3 elf skeletons (D:5)
  A scorpion (D:4)
  A human zombie (D:5)
  Jessica (D:3)
  An iguana (D:4)
  4 scorpion zombies (Ossuary)
  3 mummies (Ossuary)
  Robin (D:2)
  5 adders
  3 adder zombies (Ossuary)
  2 dart slugs (D:2)
  2 orcs (D:4)
  7 bats
  5 endoplasms
  3 giant cockroaches
  2 gnoll zombies (Ossuary)
  14 goblins
  11 hobgoblins
  3 quokkas
  5 ball pythons
  2 frilled lizards
  2 jackal zombies (Ossuary)
  7 kobolds
  6 kobold zombies (Ossuary)
  2 orc skeletons (D:5)
  A rat (D:1)
98 creatures vanquished.

Vanquished Creatures (others)
  An iguana (D:5)
  A gnoll (D:5)
  2 orcs (D:5)
4 creatures vanquished.

Grand Total: 102 creatures vanquished

Notes
Turn   | Place    | Note
-------+----------+-------------------------------------------
     0 | D:1      | SnakkuSnakku7 the Djinni Chaos Knight began the quest for
                  | the Orb.
     0 | D:1      | Reached XP level 1. HP: 20/20 MP: 0/0
   251 | D:1      | Reached XP level 2. HP: 24/25 MP: 0/0
   363 | D:1      | Reached skill level 3 in Maces & Flails
   459 | D:1      | XOM: silly message
   782 | D:1      | XOM is BORED!
   848 | D:2      | Noticed Robin
   941 | D:1      | Reached XP level 3. HP: 25/30 MP: 0/0
   941 | D:1      | Learned a level 1 spell: Sandblast
  1045 | D:2      | Killed Robin
  1108 | D:2      | XOM: divination: detect creatures
  1127 | D:2      | XOM: divination: detect items
  1242 | D:2      | Found a faded altar of an unknown god.
  1266 | D:2      | Reached XP level 4. HP: 35/35 MP: 0/0
  1278 | D:2      | Noticed Sigmund
  1292 | D:2      | HP: 1/35 [Sigmund/puff of flame (3)]
  1292 | D:2      | XOM: smoke on damage
  1297 | D:2      | XOM: potion effect (brilliance)
  1308 | D:2      | HP: 1/35 [Sigmund/magic dart (4)]
  1314 | D:2      | XOM: silly message
  1321 | D:2      | Killed Sigmund
  1322 | D:2      | Reached skill level 5 in Maces & Flails
  1322 | D:2      | Reached XP level 5. HP: 16/40 MP: 0/0
  1322 | D:2      | Learned a level 2 spell: Static Discharge
  1322 | D:2      | Reached XP level 6. HP: 18/46 MP: 0/0
  1623 | D:2      | XOM: divination: detect creatures
  1691 | D:2      | XOM: silly message
  2114 | D:3      | Found a white marble altar of Elyvilon.
  2297 | D:3      | Noticed Jessica
  2303 | D:3      | Killed Jessica
  2403 | D:3      | XOM: noise
  2449 | D:3      | Found a runed translucent door.
  2450 | D:3      | Noticed Crazy Yiuf
  2512 | D:3      | XOM: divination: magic mapping
  3183 | D:4      | Reached skill level 1 in Axes
  3183 | D:4      | Reached XP level 7. HP: 37/50 MP: 0/0
  3183 | D:4      | Learned a level 3 spell: Sigil of Binding
  3256 | D:4      | XOM: noise
  3292 | D:4      | XOM: scenery: 2 doors open
  3644 | D:5      | Entered Level 5 of the Dungeon
  3651 | D:5      | XOM: divine lightning
  3691 | D:4      | XOM: cloud trail
  3745 | D:5      | XOM: 5-stop teleportation journey
  3821 | D:5      | Found a sand-covered staircase.
  3831 | D:5      | XOM: cast spell 'Summon Hydra'
  3844 | D:5      | XOM: confuse monster(s)
  3912 | Ossuary  | Entered an ossuary
  3967 | Ossuary  | XOM: noise
  4009 | Ossuary  | Reached XP level 8. HP: 56/56 MP: 0/0
  4053 | Ossuary  | a scorpion changed into a blink frog
  4053 | Ossuary  | Noticed a blink frog
  4053 | Ossuary  | XOM: polymorph scorpion -> blink frog
  4067 | Ossuary  | Gained mutation: You possess an exceptional clarity of
                  | mind. [potion of mutation]
  4067 | Ossuary  | Gained mutation: You expend health (3 HP) to strengthen
                  | your wands. [potion of mutation]
  4068 | Ossuary  | Xom revived you
  4222 | Ossuary  | Mangled by a blink frog

Illustrated notes

Levels and vault maps discovered:
D:1:      beargit_arrival_greenhouse, layout_loops_corners
D:2:      layout_basic, hellmonk_ecumenical_altar_crossroads, uniq_sigmund,
          uniq_robin
D:3:      layout_basic, mainiacjoe_overflow_24_doors, uniq_crazy_yiuf_cottage,
          uniq_jessica
D:4:      layout_loops_cross, mainiacjoe_overflow_alcove_1,
          kennysheep_generic_room_4
D:5:      layout_cave_pools, nicolae_ossuary_entry_catacombs, minmay_pentangle
Ossuary:  ossuary_minmay_chase

Skill      XL: |  1  2  3  4  5  6  7 |
---------------+----------------------+-----
Maces & Flails | 3 5 |  5.7
Axes           | 1 4 |  4.4
Fighting       | |  3.0
Armour         | |  1.0
Dodging        | |  2.1

Action                     |  1- 3 |  4- 6 |  7- 9 || total
---------------------------+-------+-------+-------++-------
  Melee: Mace              |    71 |       |       ||    71
         Whip              |    53 |   124 |       ||   177
         War axe           |       |    42 |   163 ||   205
         Punch             |       |     3 |     6 ||     9
  Evoke: Wand              |       |       |     3 ||     3
    Use: Potion            |       |     2 |     3 ||     5
         Scroll            |       |     3 |     1 ||     4
   Stab: Confused          |     1 |       |     3 ||     4
         Distracted        |       |       |     1 ||     1
 Armour: Leather armour    |   102 |    90 |    76 ||   268
  Dodge: Dodged            |    94 |    93 |   153 ||   340
